 Dungeon Crawl Stone Soup version 0.30.1-4-g462c640d31 (webtiles) character file.

Game seed: 4736623471380522500

21916 croobank the Covert (level 12, -5/97 HPs)
             Began as a Demonspawn Delver on Sept 15, 2023.
             Was an Initiate of Gozag.
             Slain by a white ugly thing (6 damage)
             ... in an ice cave.
             The game lasted 00:54:21 (18078 turns).

croobank the Covert (Demonspawn Delver)            Turns: 18078, Time: 00:54:22

Health: -5/97      AC: 14    Str: 13    XL:     12   Next: 58%
Magic:  0/12       EV: 19    Int: 17    God:    Gozag
Gold:   1593       SH:  9    Dex: 14    Spells: 11/11 levels left

rFire   . . .        M - +1 scimitar (flame)
rCold   + + .        E - +0 kite shield
rNeg    . . .        N - +2 robe {rC+ rF+}
rPois   .            e - +2 helmet
rElec   .            (no cloak)
rCorr   .            Y - +2 pair of gloves
SInv    .            (no boots)
Will    .....        V - amulet of guardian spirit
Stlth   ++++         d - +5 ring of evasion
HPRegen 0.36/turn    F - ring of ice
MPRegen 0.13/turn

%: guardian spirit
@: about to teleport, marked, gold aura, on berserk cooldown, hasted, invisible,
bezotted, very quick
A: thin metallic scales 2, foul stench 2, spiny 2, demonic touch 1
a: Renounce Religion, Potion Petition, Call Merchant, Bribe Branch


You were in an ice cave.
You worshipped Gozag.
Gozag was most pleased with you.
You visited 2 branches of the dungeon, and saw 14 of its levels.
You also visited: Ice Cave.

You collected 2720 gold pieces.
You spent 182 gold pieces at shops.
You paid 945 gold pieces to Gozag.

Inventory:

Hand Weapons
 a - a +2 dagger of flaming
 v - a +4 demon whip of draining
 M - a +1 scimitar of flaming (weapon)
 P - a +2 shortbow of flaming
Missiles
 h - 15 boomerangs (quivered)
 u - 3 atropa-tipped darts
 B - 5 curare-tipped darts
 W - 6 javelins
Armour
 b - a +0 chain mail of cold resistance
 e - a +2 helmet (worn)
 j - a +0 pair of boots
 p - a +2 ring mail of poison resistance
 E - a +0 kite shield (worn)
 N - a +2 robe of resistance (worn)
 Y - a +2 pair of gloves (worn)
Jewellery
 d - a +5 ring of evasion (left hand)
 i - a +4 ring of protection
 n - a ring of resist corrosion
 F - a ring of ice (right hand)
 K - a ring of flight
 V - an amulet of guardian spirit (around neck)
Wands
 g - a wand of digging (4)
 x - a wand of roots (12)
 y - a wand of charming (9)
 D - a wand of flame (25)
Scrolls
 c - 3 scrolls of fog
 f - 4 scrolls of torment
 Q - 3 scrolls of fear
 S - a scroll of identify
 U - a scroll of teleportation
Potions
 m - 3 potions of curing
 o - 3 potions of might
 r - a potion of haste
 t - a potion of cancellation
 A - 2 potions of brilliance
 H - 2 potions of mutation
 I - 2 potions of ambrosia


   Skills:
 - Level 9.9 Fighting
 - Level 3.2(5.1) Short Blades
 + Level 6.1(6.5) Long Blades
 - Level 8.1 Maces & Flails
 - Level 6.0 Armour
 - Level 8.8 Dodging
 - Level 10.4 Stealth
 - Level 3.6 Shields


You had 11 spell levels left.
You didn't know any spells.
Your spell library contained the following spells:

 Spells                   Type           Power      Damage    Failure   Level
 Ensorcelled Hibernation  Hex/Ice        0%         N/A       77%         2
 Lesser Beckoning         Tloc           0%         N/A       77%         2
 Passwall                 Tmut/Erth      0%         N/A       77%         2
 Gell's Gravitas          Tloc           0%         N/A       94%         3
 Swiftness                Air            0%         N/A       94%         3
 Teleport Other           Tloc           0%         N/A       94%         3


Dungeon Overview and Level Annotations

Branches:
Dungeon (13/15)            Temple (1/1) D:5            Lair (0/5) D:9
    Orc (0/2) D:10          IceCv (1/1) Zot: 863
 Vaults: D:13-14

Altars:
Ashenzari
Cheibriados
Dithmenos
Fedhas
Gozag
Hepliaklqana
Kikubaaqudgha
Makhleb
Nemelex Xobeh
Okawaru
Qazlal
Ru
Sif Muna
Trog
Uskayaw
Vehumet
Wu Jian
Xom
Yredelemnul

Shops:
D:6 *

Annotations:
D:3 exclusion: downstairs
D:4 2 runed translucent doors, snaxamus's ghost, amateur HOFi


Innate Abilities, Weirdness & Mutations

You are mostly covered in thin metallic scales. (AC +3)
You sometimes emit foul miasma when damaged in melee.
You are mostly covered in sharp spines.
Your touch may inflict minor irresistible damage on your foes.


Message History

The death yak simulacrum freezes you! You resist.
* * * LOW HITPOINT WARNING * * *
You feel better.
Aiming: Charm
Press: ? - help, Shift-Dir - straight line, f - death yak simulacrum
Aim: a death yak simulacrum (foul pestilence, moderately damaged, unable to see you, chance to affect: 50%)
The death yak simulacrum is charmed.
The death yak simulacrum gores your death yak simulacrum!
The death yak simulacrum freezes your death yak simulacrum.
Your death yak simulacrum completely resists.
The death yak simulacrum gores your death yak simulacrum!
The death yak simulacrum freezes your death yak simulacrum.
Your death yak simulacrum completely resists.
Aiming: Dig
Press: ? - help, Shift-Dir - straight line, p - death yak simulacrum An ice covered rock wall, spattered with blood.
The rock shatters into small pieces.
An ice devil comes into view.
You feel yourself speed up.
Your death yak simulacrum gores the death yak simulacrum but does no damage.
An ice devil comes into view.
Magic scrolls do not work when you're silenced!
Unknown command.
Okay, then.
Found an ancient bone altar of Kikubaaqudgha.
The death yak simulacrum gores your death yak simulacrum!!
Your death yak simulacrum vaporises!
Aiming: Charm
Press: ? - help, Shift-Dir - straight line
Okay, then.
Magic scrolls do not work when you're silenced!
Unknown command.
Your hearing returns.
The white ugly thing is engulfed in freezing vapours.
As you read the scroll of teleportation, it crumbles to dust.
You feel strangely unstable. The white ugly thing pecks you!
* * * LOW HITPOINT WARNING * * *
The white ugly thing freezes you. You resist.
You die...
Your body crumbles into a pile of gold.

##....#**#.........##**
###..# *...._.....#,*
##...# **,.........',*
###...##
*,,,.......,*,* #...###
**,,,.....,**** ..###
**,,,8,..8*** .##
*##**,,,,**#4#* ##
*#.#*,,,*** #4#
*#...**,,,,* #@###
###..#,,***,,* #u|⌠#
....#**,,,,,*###Z####
...## **,,,*##.p4Z.Z##
...8###****##......Z.##
......# ##..#$$?$#Z.##
....[.# #...##))##...#
...#### ##...####Z...#
.### #.........###


You could see a white ugly thing (unable to see you), 3 ice devils, a
necromancer (unable to see you) and 2 death yak simulacra.

Vanquished Creatures
  Fannar (D:10)
  Erica (D:9)
  A boulder beetle (D:12)
  Amaemon (D:7)
  3 ugly things (D:12)
  A cyclops (D:12)
  An ice statue (IceCv)
  2 gargoyles
  An orange demon (D:8)
  3 unseen horrors
  A komodo dragon (D:9)
  A freezing wraith (IceCv)
  A kobold demonologist (D:11)
  9 ice devils
  2 anaconda simulacra (IceCv)
  4 trolls
  A hornet (D:9)
  2 vampires (D:12)
  A dire elephant simulacrum (IceCv)
  13 yaks
  2 wyverns (D:8)
  4 steam dragons
  2 harpy simulacra (IceCv)
  3 vampire mosquitoes (D:10)
  2 death yak simulacra (IceCv)
  A warg (D:6)
  2 acid dragons
  Duvessa (D:4)
  3 hydra simulacra (IceCv)
  2 water moccasins
  3 black bears
  6 ogres (D:6)
  4 ice beasts (D:6)
  A sky beast (D:7)
  8 orc warriors
  2 centaurs
  3 kobold brigands
  A phantom (D:6)
  2 bullfrogs
  7 gnoll sergeants
  2 scorpions
  2 two-headed ogre simulacra (IceCv)
  2 cane toad simulacra (IceCv)
  12 wights
  The ghost of GasterBasher2 the Trooper, a weakling DrBe of Trog (D:3)
  6 elephant simulacra (IceCv)
  Dowan (D:4)
  4 killer bees (D:10)
  3 electric eels (D:12)
  2 howler monkeys (D:6)
  13 hounds
  3 jellies
  3 gnoll boudas
  5 orc priests
  A sleepcap (D:5)
  2 iguanas (D:5)
  15 orc wizards
  4 polar bear simulacra (IceCv)
  A spriggan simulacrum (IceCv)
  3 wolf simulacra (IceCv)
  24 gnolls
  3 naga simulacra (IceCv)
  12 adders
  3 shadow imps (D:6)
  3 worms
  A dart slug (D:2)
  36 orcs
  6 ball pythons
  4 endoplasms
  4 giant cockroaches
  6 goblins
  8 hobgoblins
  4 quokkas
  3 bats
  5 frilled lizards
  8 kobolds
  A rat (D:3)
325 creatures vanquished.

Vanquished Creatures (collateral kills)
  3 wights (D:6)
  A gnoll bouda (D:6)
4 creatures vanquished.

Vanquished Creatures (others)
  A death yak simulacrum (IceCv)
  An ogre (D:6)
2 creatures vanquished.

Grand Total: 331 creatures vanquished

Notes
Turn   | Place    | Note
-------+----------+-------------------------------------------
     0 | D:5      | croobank the Demonspawn Delver began the quest for the Orb.
     0 | D:5      | Reached XP level 1. HP: 18/18 MP: 1/1
    22 | D:6      | Noticed a steam dragon
    58 | D:6      | Noticed a hound
    58 | D:6      | Noticed a howler monkey
    66 | D:6      | Noticed a black bear
   163 | D:5      | Found a basalt altar of Yredelemnul.
   166 | D:5      | Found an iron altar of Okawaru.
   178 | D:4      | Noticed snaxamus's ghost (amateur HOFi)
   178 | D:4      | Found a large runed translucent door.
   178 | D:4      | Found a large runed translucent door.
   208 | D:3      | Gained mutation: You are partially covered in sharp spines.
                  | [demonic ancestry]
   208 | D:3      | Reached XP level 2. HP: 18/24 MP: 2/2
   297 | D:3      | Reached XP level 3. HP: 16/29 MP: 3/3
   652 | D:1      | Gained mutation: You may rarely emit foul miasma when
                  | damaged in melee. [demonic ancestry]
   652 | D:1      | Reached XP level 4. HP: 26/35 MP: 4/4
  1718 | D:2      | Reached skill level 5 in Stealth
  1767 | D:2      | Found a bloodstained altar of Trog.
  2638 | D:4      | Noticed Duvessa
  2638 | D:4      | Noticed Dowan
  2692 | D:5      | Found a staircase to the Ecumenical Temple.
  2703 | D:5      | Gained mutation: You are partially covered in thin metallic
                  | scales. (AC +2) [demonic ancestry]
  2703 | D:5      | Reached XP level 5. HP: 36/42 MP: 5/5
  2737 | Temple   | Entered the Ecumenical Temple
  2761 | Temple   | Became a worshipper of Gozag Ym Sagoz the Greedy
  3013 | D:3      | Noticed GasterBasher2's ghost (weakling DrBe)
  3016 | D:3      | Found a runed translucent door.
  3070 | D:3      | Killed GasterBasher2's ghost
  3071 | D:3      | Gained mutation: You are mostly covered in sharp spines.
                  | [demonic ancestry]
  3071 | D:3      | Reached XP level 6. HP: 42/48 MP: 6/6
  3342 | D:4      | Killed Dowan
  3507 | D:4      | Reached skill level 1 in Maces & Flails
  3722 | D:4      | Killed Duvessa
  3725 | D:4      | Gained mutation: You sometimes emit foul miasma when
                  | damaged in melee. [demonic ancestry]
  3725 | D:4      | Reached XP level 7. HP: 39/55 MP: 7/7
  4332 | D:6      | Reached skill level 5 in Fighting
  4332 | D:6      | Reached skill level 6 in Stealth
  4334 | D:6      | Killed a steam dragon
  4517 | D:6      | Found a burning altar of Makhleb.
  4545 | D:6      | Gained mutation: You are mostly covered in thin metallic
                  | scales. (AC +3) [demonic ancestry]
  4545 | D:6      | Reached XP level 8. HP: 55/63 MP: 8/8
  4576 | D:6      | Found Qoiwa's Serpentskin Sales.
  4595 | D:6      | Bought a +1 ring mail of poison resistance for 182 gold
                  | pieces
  4705 | D:6      | Reached skill level 1 in Armour
  4758 | D:6      | Reached skill level 5 in Dodging
  4877 | D:6      | Reached skill level 7 in Stealth
  5090 | D:6      | Noticed a troll
  5098 | D:6      | Reached XP level 9. HP: 47/70 MP: 9/9
  5138 | D:6      | Killed a troll
  5524 | D:6      | Reached skill level 5 in Armour
  5577 | D:6      | Reached skill level 5 in Maces & Flails
  5927 | D:6      | Reached skill level 8 in Stealth
  5927 | D:6      | Gained mutation: Your touch may inflict minor irresistible
                  | damage on your foes. [demonic ancestry]
  5927 | D:6      | Reached XP level 10. HP: 79/79 MP: 10/10
  6196 | D:7      | Found an ornate altar of the Wu Jian Council.
  7119 | D:8      | Noticed Amaemon
  7120 | D:8      | Noticed an orange demon
  7125 | D:8      | Killed an orange demon
  7146 | D:7      | Killed Amaemon
  7929 | D:8      | Reached skill level 9 in Stealth
  8426 | D:9      | Noticed Erica
  8557 | D:9      | Killed Erica
  8558 | D:9      | Reached XP level 11. HP: 85/87 MP: 11/11
  8940 | D:9      | Found a staircase to the Lair.
  9131 | D:10     | Entered Level 10 of the Dungeon
  9131 | D:10     | Noticed Fannar
  9216 | D:10     | Killed Fannar
  9815 | D:10     | Found a staircase to the Orcish Mines.
  9825 | D:10     | Reached skill level 1 in Shields
 10939 | D:11     | Reached skill level 10 in Stealth
 11322 | D:11     | Identified the +1 robe of Hedonism {Harm rElec rPois Int-4}
 11584 | D:12     | Noticed a boulder beetle
 11602 | D:12     | Killed a boulder beetle
 11697 | D:12     | Noticed a purple ugly thing
 11707 | D:12     | Killed a purple ugly thing
 12256 | D:12     | Reached XP level 12. HP: 97/97 MP: 12/12
 12985 | D:13     | Found a frozen archway.
 13015 | IceCv    | Entered an ice cave
 13489 | IceCv    | Reached skill level 1 in Long Blades
 16289 | IceCv    | Reached skill level 5 in Long Blades
 17946 | IceCv    | Glimpsed the power of Zot.
 18071 | IceCv    | HP: 2/97 [death yak simulacrum (9)]
 18075 | IceCv    | Found an ancient bone altar of Kikubaaqudgha.
 18078 | IceCv    | HP: 1/97 [white ugly thing (10)]
 18078 | IceCv    | Slain by a white ugly thing

Illustrated notes

Levels and vault maps discovered:
D:1:      minmay_arrival_jagged, layout_basic, minmay_misc_feat_x
D:2:      layout_loops_ring, basic_altar, eino_tiny_chamber,
          guppyfry_early_orc_mine
D:3:      layout_basic, hellmonk_ghost_happy_afterlife
D:4:      layout_loops_ring, ebering_ghost_disaster_area, uniq_duvessa
D:5:      layout_rooms, mainiacjoe_overflow_alcove_3, minmay_temple_entry_grid
D:6:      lemuel_castle_with_subvaults [lemuel_castle_interior_carwin_3],
          layout_basic, makhleb_grotto_becter, guppyfry_shop_venom
D:7:      layout_loops_corners, mainiacjoe_overflow_catwalk
D:8:      layout_basic, uniq_amaemon
D:9:      layout_roguey, david_lair_shrubbed, uniq_erica
D:10:     layout_layer_cave, elyvilon_altar_3, uniq_fannar
D:11:     layout_roguey
D:12:     layout_basic
D:13:     layout_roguey, david_vaults_4, serial_ice, serial_ice_o, serial_ice_m,
          serial_ice_i, serial_ice_h, serial_ice_d, serial_ice_e, serial_ice_g,
          serial_ice_n, serial_ice_b, serial_ice_c,
          portal_ice_cave_demonic_guard, minmay_misc_feat_secret_circle
Temple:   nicolae_temple_superstar
IceCv:    ice_cave_small_necro

Skill      XL: |  1  2  3  4  5  6  7  8  9 10 11 12 |
---------------+-------------------------------------+-----
Short Blades   | 2 3 |  3.2
Dodging        | 2 3 4 5 6 7 8 |  8.8
Stealth        | 5 6 7 8 9 10 | 10.4
Fighting       | 4 5 6 7 8 9 |  9.9
Maces & Flails | 1 3 4 5 6 7 8 |  8.1
Armour         | 3 5 6 |  6.0
Shields        | 3 |  3.6
Long Blades    | 6 |  6.1

Action                     |  1- 3 |  4- 6 |  7- 9 | 10-12 || total
---------------------------+-------+-------+-------+-------++-------
  Melee: Short sword       |    42 |    16 |       |       ||    58
         Dagger            |       |    56 |     1 |       ||    57
         Demon whip        |       |    47 |   214 |   428 ||   689
         Punch             |       |       |     4 |     3 ||     7
         Touch             |       |       |       |    79 ||    79
         Scimitar          |       |       |       |   163 ||   163
  Throw: Boomerang         |    10 |     4 |     4 |    19 ||    37
         Throwing net      |       |     1 |       |     1 ||     2
 Invoke: Potion Petition   |       |       |     1 |     1 ||     2
  Evoke: Wand              |       |     1 |     6 |    12 ||    19
    Use: Scroll            |     2 |     7 |    10 |    15 ||    34
         Potion            |     1 |       |     1 |    10 ||    12
   Stab: Sleeping          |     1 |     7 |     4 |    17 ||    29
         Distracted        |       |       |     4 |     5 ||     9
 Armour: Leather armour    |     6 |    35 |     4 |       ||    45
         Ring mail         |       |       |    49 |   111 ||   160
         Robe              |       |       |       |    52 ||    52
  Dodge: Dodged            |    21 |    54 |   163 |   386 ||   624
  Block: Kite shield       |       |       |       |    79 ||    79
